 Dungeon Crawl Stone Soup version 0.21.1-1-g345015fe64 (webtiles) character file.

3785 Hercules1031 the Chopper (level 9, -6/82 HPs)
             Began as a Deep Dwarf Fighter on June 19, 2018.
             Was an Initiate of Makhleb.
             Mangled by a two-headed ogre
             ... wielding a +0 giant spiked club
              (15 damage)
             ... on level 8 of the Dungeon.
             The game lasted 00:45:53 (6277 turns).

Hercules1031 the Chopper (Deep Dwarf Fighter)       Turns: 6277, Time: 00:45:54

Health: -6/82      AC:  9    Str: 29    XL:     9   Next: 95%
Magic:  5/5        EV:  9    Int:  8    God:    Makhleb [......]
Gold:   134        SH: 11    Dex: 12    Spells: 14/14 levels left

rFire    . . .     SeeInvis .   i - +3 flail
rCold    + . .     Gourm    .   c - +0 shield
rNeg     + . .     Faith    .   q - +1 leather armour of Failure {+Inv rN+ Str+5}
rPois    .         Spirit   .   p - +2 helmet
rElec    .         Reflect  .   (no cloak)
rCorr    .         Harm     .   F - +0 pair of gloves
MR       +....                  (no boots)
Stlth    +.........             r - amulet of rage
HPRegen  0.00/turn              h - ring of protection from cold
MPRegen  0.09/turn              o - +2 ring of slaying

@: non-regenerating
A: damage resistance, heal wounds, sense surroundings 2, wild magic 1, sturdy
frame 1, no regeneration
a: Heal Wounds, Renounce Religion, Evoke Berserk Rage, Evoke Invisibility


You were on level 8 of the Dungeon.
You worshipped Makhleb.
Makhleb was noncommittal.
You were full.

You visited 1 branch of the dungeon, and saw 8 of its levels.
You also visited: Ossuary.

You collected 366 gold pieces.
You spent 232 gold pieces at shops.

Inventory:

Hand Weapons
 a - a +0 war axe
 d - a cursed +3 spear
 i - a +3 flail (weapon)
 u - a +0 scimitar of protection
 A - a +2 scimitar
 B - a +0 flail of protection
 C - a +0 whip of electrocution
Armour
 c - a +0 shield (worn)
 n - a +0 chain mail of fire resistance
 p - a +2 helmet (worn)
 q - the +1 leather armour of Failure (worn) {+Inv rN+ Str+5}
   (You bought it in a shop on level 5 of the Dungeon)

   It affects your strength (+5).
   It protects you from negative energy.
   It lets you turn invisible.
 F - a +0 pair of gloves (worn)
Jewellery
 h - a ring of protection from cold (left hand)
 o - a +2 ring of slaying (right hand)
 r - an amulet of rage (around neck)
Wands
 b - a wand of iceblast (7)
 g - a wand of acid (12)
 m - a wand of flame (17)
 E - a wand of random effects (31)
Scrolls
 e - 8 scrolls of remove curse
 j - a scroll of teleportation
 s - a scroll of blinking
 y - 4 scrolls of amnesia
Potions
 k - 5 potions of brilliance
 l - 2 potions of flight
 t - 3 potions of might
 v - a potion of haste
Comestibles
 f - 5 rations


   Skills:
 + Level 5.7 Fighting
 - Level 7.4(9.1) Axes
 * Level 7.4(8.6) Maces & Flails
 + Level 6.9 Armour
 + Level 6.8 Shields
 + Level 3.1 Spellcasting


You had 14 spell levels left.
You didn't know any spells.

Dungeon Overview and Level Annotations

Branches:
Dungeon (8/15)             Temple (0/1) D:7
   Lair: D:8-11

Altars:
Makhleb

Shops:
D:5 [


Innate Abilities, Weirdness & Mutations

You are resistant to damage.
You can heal yourself by infusing magical energy.
You passively map the area around you.
You do not regenerate.
Your spells are a little harder to cast, but a little more powerful.
Your movements are slightly less encumbered by armour. (ER -2)


Message History

The two-headed ogre shouts in stereo!
You block the two-headed ogre's attack. The two-headed ogre barely misses you.
You closely miss the two-headed ogre. You block the two-headed ogre's attack.
The two-headed ogre hits you with a giant club!
You sock the two-headed ogre!
The two-headed ogre is lightly wounded.
You hit the two-headed ogre.
The two-headed ogre is moderately wounded.
The two-headed ogre hits you with a giant spiked club!!
The two-headed ogre hits you with a giant club!
* * * LOW HITPOINT WARNING * * *
You thump the two-headed ogre!
The two-headed ogre is moderately wounded.
The two-headed ogre hits you with a giant spiked club!
* * * LOW HITPOINT WARNING * * *
The two-headed ogre hits you but does no damage.
You sock the two-headed ogre!
The two-headed ogre is heavily wounded.
The two-headed ogre hits you with a giant spiked club!
You die...

#...†.<.......#
*
##.####.###.###
#.# #.# ,# #.#
#..** ###.#
##.# ,
#...#####)# ,
#.#........,
#.#.#####.# * ,
, # #@# *.# *,
#O# * , * #.# *
> #.# , ,#.# ,
,*** ,#.# ** *
* *, ..., * *,
### ** ,


You could see a two-headed ogre.

Vanquished Creatures
  The ghost of strelocc the Shield-Bearer, a novice FoFi (D:5)
  3 hogs (D:7)
  A yak (D:7)
  A human (D:7)
  Edmund (D:6)
  A hornet zombie (D:6)
  An ice beast (D:6)
  An orc warrior (D:7)
  5 ogres
  A phantom (D:6)
  2 centaurs
  2 bullfrogs
  A troll zombie (Ossuary)
  3 scorpions
  A water moccasin skeleton (D:4)
  8 wights
  A howler monkey (D:4)
  4 centaur zombies (Ossuary)
  3 crimson imps
  A bullfrog zombie (D:7)
  A hound (D:5)
  2 orc priests (D:4)
  A centaur skeleton (D:6)
  An iguana (D:5)
  2 orc wizards
  6 worker ants
  7 mummies (Ossuary)
  13 adders
  2 shadow imps
  8 adder zombies
  2 oozes
  An adder skeleton (D:4)
  6 worms
  2 dart slugs
  4 leopard geckos
  9 orcs
  8 giant cockroaches
  8 goblins
  6 hobgoblins
  8 jackals
  6 quokkas
  A ball python (D:3)
  7 bats
  2 frilled lizards
  A gnoll zombie (Ossuary)
  2 goblin zombies (Ossuary)
  5 hobgoblin zombies (Ossuary)
  6 kobolds
  4 kobold zombies (Ossuary)
  2 leopard gecko skeletons
  A leopard gecko zombie (D:6)
  4 quokka zombies (Ossuary)
  5 rats
  2 rat zombies (Ossuary)
187 creatures vanquished.

Notes
Turn   | Place    | Note
-------+----------+-------------------------------------------
     0 | D:1      | Hercules1031 the Deep Dwarf Fighter began the quest for the Orb.
     0 | D:1      | Reached XP level 1. HP: 20/20 MP: 1/1
   128 | D:1      | Reached XP level 2. HP: 27/27 MP: 2/2
  1128 | D:1      | Reached XP level 3. HP: 26/33 MP: 3/3
  1493 | D:2      | Reached skill level 1 in Spellcasting
  1517 | D:2      | Reached XP level 4. HP: 38/40 MP: 5/5
  1825 | D:3      | Reached skill level 5 in Axes
  1925 | D:3      | Reached XP level 5. HP: 31/46 MP: 7/7
  2379 | D:4      | Noticed an ogre
  2388 | D:4      | Killed an ogre
  2388 | D:4      | Reached XP level 6. HP: 36/55 MP: 7/9
  2416 | D:4      | Reached XP level 7. HP: 37/61 MP: 11/11
  2551 | D:4      | Reached skill level 1 in Maces & Flails
  2802 | D:5      | Entered Level 5 of the Dungeon
  2802 | D:5      | Found Qokaov's Antique Armour Shoppe.
  3379 | D:5      | Noticed strelocc's ghost (novice FoFi)
  3403 | D:5      | Killed strelocc's ghost
  3403 | D:5      | Reached XP level 8. HP: 50/72 MP: 9/9
  3530 | D:5      | Bought a twisted leather armour for 112 gold pieces
  3530 | D:5      | Identified the +1 leather armour of Failure {+Inv rN+ Str+5} (You bought it in a shop on level 5 of the Dungeon)
  3567 | D:6      | Found a sand-covered staircase.
  3626 | Ossuary  | Entered an ossuary
  3795 | Ossuary  | Reached skill level 5 in Armour
  3812 | Ossuary  | Reached skill level 5 in Shields
  4221 | D:6      | Reached skill level 5 in Maces & Flails
  4383 | D:6      | Noticed Edmund
  4403 | D:6      | Killed Edmund
  4403 | D:6      | Gained mutation: You passively map the area around you. [Deep Dwarf growth]
  4403 | D:6      | Reached XP level 9. HP: 54/79 MP: 9/9
  4499 | D:6      | Found a burning altar of Makhleb.
  4509 | D:6      | Became a worshipper of Makhleb the Destroyer
  4829 | D:6      | Found a burning altar of Makhleb.
  4909 | D:7      | Reached skill level 5 in Fighting
  4914 | D:7      | Gained mutation: Your spells are a little harder to cast, but a little more powerful. [potion of mutation]
  4914 | D:7      | Gained mutation: Your movements are slightly less encumbered by armour. (ER -2) [potion of mutation]
  5002 | D:7      | Found a staircase to the Ecumenical Temple.
  6054 | D:5      | Bought a shiny chain mail for 120 gold pieces
  6269 | D:8      | Noticed a two-headed ogre
  6277 | D:8      | Mangled by a two-headed ogre

Skill      XL: |  1  2  3  4  5  6  7  8  9 |
---------------+----------------------------+-----
Axes           | 3 4 5 6 7 |  7.4
Spellcasting   | 1 2 3 |  3.1
Fighting       | 3 4 5 |  5.7
Maces & Flails | 3 5 7 |  7.4
Armour         | 4 5 6 |  6.9
Shields        | 4 5 6 |  6.8

Action                   |  1- 3 |  4- 6 |  7- 9 || total
-------------------------+-------+-------+-------++-------
Melee: War axe           |   152 |   122 |    21 ||   295
       Flail             |       |       |   458 ||   458
 Abil: Heal Wounds       |     1 |     2 |    27 ||    30
  Use: Potion            |     4 |     1 |    13 ||    18
       Scroll            |       |     2 |    16 ||    18
 Stab: Sleeping          |       |       |     1 ||     1
  Eat: Ration            |     2 |     1 |     4 ||     7
Armor: Scale mail        |   102 |    84 |    32 ||   218
       Chain mail        |       |       |    28 ||    28
       Leather armour    |       |       |    69 ||    69
Dodge: Dodged            |    70 |    63 |   135 ||   268
Block: Shield            |    97 |   110 |   253 ||   460
